Map: Kairos Junction LE

Players

MikeOA - Winner!

  • Race: Terran Terran
  • League: Diamond
  • Spawn Location: 5:00

WhyURunning

  • Race: Zerg Zerg
  • Spawn Location: 11:00

VOD

Have the link to the VOD?

Description

Time

  • Played on: April 13, 2019, 9:40 p.m.
  • Length: 16:51
Show
View Real Time Build Order
Export as new Build Order

MikeOA Terran - Winner!

Build Orders: Hellion Banshee 

Get SALT Encoding   

  12  0:03  SCV  
  13  0:15  SCV  
  13  0:18  Supply Depot  
  14  0:27  SCV  
  15  0:30  Refinery  
  15  0:40  SCV  
  16  0:45  Barracks  
  16  0:56  SCV  
  17  1:08  SCV  
  18  1:22  SCV  
  20  1:32  Reaper  
  20  1:37  Orbital Command  
  20  1:46  Command Center  
  20  2:00  Factory  
  20  2:04  SCV  
  21  2:16  SCV  
  21  2:18  Refinery  
  21  2:20  Barracks Reactor  
  21  2:21  Supply Depot  
  22  2:28  SCV  
  23  2:42  SCV  
  24  2:52  Starport  
  24  2:54  SCV  
  25  3:00  Orbital Command  
  27  3:06  Hellion x2, SCV  
  27  3:09  Barracks Tech Lab  
  30  3:18  SCV  
  31  3:20  Supply Depot  
  31  3:28  Factory  
  31  3:29  SCV  
  31  3:31  SCV  
  33  3:34  Hellion  
  33  3:35  Hellion  
  33  3:41  SCV  
  38  3:43  SCV  
  38  3:48  Barracks Reactor  
  39  3:50  Supply Depot  
  39  3:53  SCV  
  39  3:55  SCV  
  41  4:00  Armory  
  41  4:05  SCV  
  41  4:07  SCV  
  43  4:17  SCV  
  43  4:19  SCV  
  45  4:29  SCV  
  46  4:31  SCV  
  42  4:49  Hellion x2  
  42  4:50  Factory Tech Lab, Supply Depot  
  42  4:51  Banshee  
  42  4:52  Marine x2  
  51  4:54  SCV x2  
  51  4:56  Command Center, Refinery  
  51  4:57  Refinery  
  51  4:58  Terran Vehicle Weapons Level 1  
  53  5:06  SCV x2, Engineering Bay  
  55  5:17  Hellion x2  
  55  5:18  SCV x2  
  61  5:24  Cyclone  
  64  5:31  SCV x2  
  66  5:38  Hellion x2  
  70  5:50  Cloaking Field  
  70  5:59  Supply Depot x2  
  70  6:01  Supply Depot  
  70  6:06  Supply Depot  
  70  6:07  Banshee  
  70  6:08  Hellion x3, SCV x2  
  81  6:15  Factory  
  81  6:16  Orbital Command  
  81  6:20  SCV x2  
  81  6:23  Starport  
  83  6:29  Hellion  
  83  6:32  SCV x2  
  87  6:45  Orbital Command  
  87  6:47  Hellion x2  
  88  6:48  Marine x2  
  88  6:50  Cyclone  
  91  7:08  Hellion  
  91  7:16  Hellion  
  91  7:20  Factory Tech Lab  
  93  7:22  Factory  
  93  7:23  Cyclone, Starport Reactor  
  68  7:55  Cyclone  
  71  7:59  SCV x3  
  71  8:01  Siege Tank, Hellion  
  71  8:02  Banshee, Hellion  
  84  8:11  SCV x3  
  87  8:23  Hellion, SCV x3  
  92  8:27  Siege Tank  
  92  8:28  Terran Vehicle And Ship Armor Level 1  
  92  8:29  Armory  
  95  8:35  Refinery, SCV  
  95  8:36  Refinery  
  93  8:45  Banshee  
  96  8:52  Infernal Pre-Igniter  
  96  8:53  Sensor Tower  
  96  8:54  Factory Reactor  
  96  9:00  SCV  
  97  9:09  Supply Depot x2  
  97  9:10  Supply Depot  
  97  9:11  Supply Depot x2  
  97  9:13  Supply Depot  
  96  9:19  Supply Depot  
  96  9:22  SCV x3  
  99  9:26  Siege Tank  
  99  9:27  Siege Tank  
  105  9:34  Liberator, SCV x3  
  105  9:35  Supply Depot, Liberator  
  108  9:46  SCV x3  
  108  9:48  Command Center  
  108  9:50  Command Center  
  117  9:53  Hellion x2  
  117  9:58  Siege Tank, SCV x2  
  117  9:59  Siege Tank  
  129  10:06  Liberator  
  129  10:09  Terran Vehicle Weapons Level 2  
  129  10:10  Missile Turret  
  129  10:13  Missile Turret  
  129  10:14  Missile Turret, Armory  
  129  10:15  Missile Turret  
  132  10:35  Supply Depot  
  132  10:40  Command Center  
  132  10:43  SCV x3  
  135  10:55  Missile Turret, SCV  
  135  10:57  Command Center, Missile Turret  
  136  11:02  Supply Depot, Engineering Bay  
  136  11:03  Missile Turret  
  136  11:06  Missile Turret x2, Sensor Tower  
  136  11:07  Missile Turret  
  136  11:15  Missile Turret  
  136  11:16  Missile Turret  
  136  11:17  SCV x3  
  136  11:18  Missile Turret  
  140  11:20  Orbital Command, Refinery x2  
  138  11:28  Liberator x2  
  138  11:29  Liberator, SCV x3  
  138  11:30  Supply Depot  
  141  11:44  Thor x2  
  162  11:56  Planetary Fortress  
  162  12:01  Terran Ship Weapons Level 1  
  162  12:03  Starport  
  162  12:04  Starport  
  162  12:08  Planetary Fortress  
  162  12:13  Hellion x4  
  170  12:16  Planetary Fortress  
  170  12:52  Liberator x4  
  170  13:08  Thor x2  
  170  13:10  Hellion  
  170  13:11  Hellion x2  
  200  13:19  Liberator  
  112  13:34  Hellion  
  112  13:35  Hellion x3, Liberator x2  
  123  13:51  Hellion x2  
  129  13:56  Hellion x4  
  129  13:58  Liberator  
  129  13:59  Liberator  
  129  14:02  Liberator  
  121  14:12  Siege Tank  
  121  14:13  Hellion  
  121  14:14  SCV  
  133  14:17  Hellion x2  
  133  14:18  Hellion x2  
  144  14:34  Siege Tank  
  146  14:39  Hellion x4  
  146  14:42  Supply Depot  
  146  14:44  Supply Depot, Siege Tank  
  157  14:48  Liberator x3  
  157  15:02  Factory  
  157  15:06  Siege Tank  
  173  15:07  Hellion x2  
  173  15:16  Siege Tank  
  176  15:36  Liberator x2  
  158  15:50  Hellion x3  
  158  15:51  Siege Tank x2  
  158  15:54  Hellion  
  174  16:11  Hellion  
  174  16:12  Hellion x2  
  174  16:16  Hellion  
Show
View Real Time Build Order
Export as new Build Order

WhyURunning Zerg 

Build Orders: Hatch First 

Get SALT Encoding   

  12  0:01  Drone  
  13  0:12  Overlord  
  13  0:16  Drone  
  14  0:31  Drone x2  
  14  0:34  Drone  
  17  0:54  Hatchery  
  16  0:58  Drone  
  16  0:59  Drone  
  18  1:12  Extractor  
  18  1:15  Spawning Pool  
  18  1:17  Drone  
  17  1:21  Drone  
  18  1:28  Drone  
  19  1:38  Overlord  
  19  1:49  Drone  
  20  2:00  Drone  
  21  2:02  Queen  
  21  2:06  Drone, Queen  
  26  2:11  Zergling x2  
  26  2:12  Metabolic Boost  
  27  2:17  Zergling x2  
  27  2:21  Drone  
  29  2:37  Drone x2  
  31  2:49  Drone  
  31  2:50  Drone x2  
  34  2:51  Lair  
  34  2:54  Roach Warren  
  34  2:57  Drone  
  34  3:00  Drone  
  34  3:04  Overlord  
  35  3:21  Drone  
  35  3:22  Overlord  
  35  3:26  Hatchery  
  35  3:31  Drone x3  
  38  3:34  Extractor  
  38  3:37  Evolution Chamber  
  36  3:42  Zergling x6  
  39  3:51  Glial Reconstitution  
  39  3:54  Drone x4  
  43  4:00  Drone x2, Extractor  
  44  4:05  Zergling x2  
  45  4:10  Roach  
  47  4:17  Roach x2  
  47  4:19  Overlord  
  45  4:31  Zergling x2  
  45  4:32  Zergling x4  
  46  4:42  Roach x3  
  44  4:49  Queen  
  44  4:50  Drone x4  
  50  4:58  Drone x3  
  53  5:02  Zergling x2  
  53  5:03  Zergling x2  
  53  5:04  Zergling x2  
  56  5:08  Zergling x2  
  56  5:09  Zergling x2  
  58  5:16  Spore Crawler  
  58  5:17  Drone  
  58  5:22  Spore Crawler  
  58  5:23  Drone x3  
  60  5:36  Queen  
  62  5:44  Drone  
  62  5:45  Drone x3  
  62  5:47  Overlord x2  
  66  5:51  Zerg Missile Weapons Level 1  
  66  5:54  Overlord  
  66  6:13  Drone  
  66  6:14  Evolution Chamber  
  66  6:37  Drone x10  
  66  6:38  Roach  
  66  6:39  Roach x4  
  86  6:42  Extractor  
  86  6:46  Hydralisk Den  
  84  6:51  Spore Crawler  
  83  6:55  Roach  
  83  6:56  Roach x2  
  79  7:02  Roach x5  
  87  7:11  Roach  
  87  7:12  Zergling x4  
  87  7:13  Overlord x3  
  85  7:35  Roach x4  
  91  7:43  Overseer  
  83  8:00  Hydralisk x2  
  83  8:01  Hydralisk x3  
  83  8:04  Spore Crawler  
  90  8:08  Hatchery  
  90  8:12  Zergling x4  
  91  8:13  Zergling x4  
  93  8:24  Hydralisk  
  93  8:25  Hydralisk  
  97  8:44  Hydralisk x3  
  97  8:45  Hydralisk x2  
  97  8:46  Zergling x2  
  108  9:05  Infestation Pit  
  108  9:06  Zerg Missile Weapons Level 2  
  108  9:09  Drone  
  108  9:11  Overlord x3  
  108  9:12  Overlord  
  107  9:29  Queen  
  107  9:30  Drone x6  
  115  9:38  Zergling x10  
  120  9:47  Drone x4  
  120  9:48  Drone  
  120  9:49  Spore Crawler  
  124  10:03  Drone x3  
  124  10:04  Drone x3  
  130  10:07  Extractor  
  130  10:09  Grooved Spines, Extractor  
  130  10:12  Zerg Ground Armor Level 1  
  130  10:13  Hive  
  125  10:31  Hatchery  
  123  10:43  Drone x4  
  123  10:45  Overlord x3  
  123  10:46  Zergling x4  
  123  10:47  Zergling x12  
  135  10:53  Baneling Nest  
  134  11:21  Spore Crawler, Lurker Den  
  134  11:22  Hydralisk x5, Roach  
  134  11:23  Roach x3, Zergling x6  
  134  11:24  Zergling x2  
  154  11:30  Muscular Augments  
  153  11:48  Spire, Drone  
  153  11:51  Hydralisk x4, Roach  
  153  11:52  Roach x2  
  167  12:17  Burrow  
  167  12:18  Overlord x5, Hatchery  
  166  12:30  Drone  
  167  12:42  Baneling x6  
  167  12:43  Baneling  
  167  12:47  Roach  
  167  12:48  Roach x9  
  187  13:00  Zergling x2  
  187  13:01  Zergling x12  
  186  13:21  Zergling x8  
  186  13:22  Zergling x16  
  162  13:29  Zergling x8  
  131  13:35  Queen  
  127  13:54  Zergling x2  
  127  13:55  Hydralisk x3, Roach x3, Zergling x8  
  135  13:56  Roach  
  135  14:00  Zerg Melee Weapons Level 1, Zerg Ground Armor Level 2  
  139  14:05  Hydralisk  
  139  14:06  Roach  
  117  14:20  Drone x6  
  123  14:27  Zergling x2  
  123  14:28  Zergling x4  
  126  14:33  Baneling x6  
  126  14:55  Drone x6  
  126  14:56  Drone x9  
  141  15:00  Drone x3  
  135  15:18  Zergling x18  
  135  15:19  Zergling x8  
  106  15:38  Hatchery  
  92  15:56  Queen  
  88  16:03  Zergling x4  
  90  16:04  Drone  
  90  16:05  Drone x13  
  102  16:18  Roach x2  
  102  16:19  Roach x2, Zergling x2  
  107  16:26  Hydralisk x3  
  107  16:29  Roach  
  113  16:34  Lurker x2  
  113  16:35  Lurker  
Tags
 
Composition
Hellion Banshee
League
Diamond
Matchup
TvZ
Spawn Locations
Cross Positions
Add a new tag
Caveats
  • Supply blocks, unpowered buildings, or Contaminate may cause inaccurate times.
  • Supply counts are checked every 10 seconds.